 Dungeon Crawl Stone Soup version 0.28-a0-691-gad6df49e81 (webtiles) character file.

Game seed: 4869427276395818021

18495 Ijustatesigmund the Geomancer (level 12, -5/91 HPs)
             Began as a Gnoll Wanderer on Oct 21, 2021.
             Was a High Priest of Cheibriados.
             Slain by a freezing wraith (23 damage)
             ... on level 13 of the Dungeon.
             The game lasted 00:37:36 (17474 turns).

Ijustatesigmund the Geomancer (Gnoll Wanderer)     Turns: 17474, Time: 00:37:36

Health: -5/91      AC: 17    Str: 31    XL:     12   Next: 59%
Magic:  33/33      EV: 15    Int: 22    God:    Cheibriados [*****.]
Gold:   580        SH: 16    Dex: 22    Spells: 18/27 levels left

rFire   + + .      SeeInvis .   H - +6 trident of Disintegration {vorpal, rElec rF++ MP+9 Str-4}
rCold   . . .      Faith    .   y - +0 kite shield
rNeg    . . .      Spirit   .   b - +0 acid dragon scales
rPois   .          Reflect  .   r - +2 helmet
rElec   +          Harm     .   t - +1 cloak
rCorr   +          Rampage  .   e - +0 pair of gloves
Will    .....                   l - +1 pair of boots
Stlth   ++++......              (no amulet)
HPRegen 0.25/turn               d - +6 ring of strength
MPRegen 0.23/turn               x - ring of resist corrosion

@: slowed, very slow
A: fangs 1, strong nose, distributed training, large bone plates 1
a: Renounce Religion, Bend Time, Temporal Distortion, Slouch, Step From Time


You were on level 13 of the Dungeon.
You worshipped Cheibriados.
Cheibriados was extremely pleased with you.
You visited 2 branches of the dungeon, and saw 15 of its levels.
You also visited: Sewer.

You collected 640 gold pieces.
You spent 60 gold pieces at shops.

Inventory:

Hand Weapons
 a - a +3 flail of draining
 H - the +6 trident of Disintegration (weapon) {vorpal, rElec rF++ MP+9 Str-4}
   (You found it on level 10 of the Dungeon)

   It inflicts extra damage upon your enemies.
   Str:       It affects your strength (-4).
   rF:        It greatly protects you from fire.
   rElec:     It insulates you from electricity.
   MP:        It affects your magic capacity (+9).
Armour
 b - +0 acid dragon scales (worn)
 e - a +0 pair of gloves (worn)
 l - a +1 pair of boots (worn)
 r - a +2 helmet (worn)
 t - a +1 cloak (worn)
 y - a +0 kite shield (worn)
Jewellery
 d - a +6 ring of strength (left hand)
 i - a +6 ring of strength
 j - a +6 ring of dexterity
 x - a ring of resist corrosion (right hand)
Wands
 c - a wand of paralysis (1)
 f - a wand of acid (3)
 n - a wand of polymorph (9)
 v - a wand of flame (11)
 w - a wand of mindburst (12)
Scrolls
 o - a scroll of fear
 s - 3 scrolls of immolation
 z - 2 scrolls of enchant armour
 A - 2 scrolls of holy word
 C - 4 scrolls of magic mapping
 E - 4 scrolls of enchant weapon
 G - 4 scrolls of identify
 I - a scroll of brand weapon
 J - a scroll of vulnerability {unknown}
Potions
 h - 3 potions of curing
 m - 2 potions of brilliance
 q - a potion of might
 B - 2 potions of magic
 D - a potion of ambrosia
 F - a potion of mutation


   Skills:
 + Level 7.4 Fighting
 + Level 7.4 Short Blades
 + Level 7.4 Long Blades
 + Level 7.4 Axes
 + Level 7.4 Maces & Flails
 + Level 7.4 Polearms
 + Level 7.4 Staves
 + Level 7.4 Slings
 + Level 7.4 Bows
 + Level 7.4 Crossbows
 + Level 7.9 Throwing
 + Level 7.4 Armour
 + Level 7.4 Dodging
 + Level 7.4 Stealth
 + Level 7.4 Shields
 + Level 7.4 Unarmed Combat
 + Level 8.0 Spellcasting
 + Level 8.3 Conjurations
 + Level 6.1 Hexes
 + Level 6.1 Summonings
 + Level 6.1 Necromancy
 + Level 6.1 Translocations
 + Level 6.1 Transmutations
 + Level 6.1 Fire Magic
 + Level 6.6 Ice Magic
 + Level 6.1 Air Magic
 + Level 8.3 Earth Magic
 + Level 6.1 Poison Magic
 + Level 8.1 Invocations
 + Level 7.9 Evocations


You had 18 spell levels left.
You knew the following spells:

 Your Spells              Type           Power      Damage    Failure   Level
a - Magic Dart            Conj           100%       1d8       1%          1
b - Blink                 Tloc           N/A        N/A       2%          2
c - Passwall              Tmut/Erth      33%        N/A       1%          2
d - Apportation           Tloc           72%        N/A       1%          1
e - Stone Arrow           Conj/Erth      90%        3d12      2%          3

Your spell library contained the following spells:

 Spells                   Type           Power      Damage    Failure   Level
 Sandblast                Erth           90%        2d19      1%          1
 Call Imp                 Summ           36%        N/A       2%          2
 Dazzling Flash           Conj/Hex       80%        N/A       3%          3
 Mephitic Cloud           Conj/Pois/Air  39%        N/A       4%          3
 Ozocubu's Armour         Ice            37%        N/A       4%          3
 Portal Projectile        Hex/Tloc       72%        N/A       5%          3
 Manifold Assault         Tloc           36%        N/A       45%         5
 Ozocubu's Refrigeration  Ice            18%        4d8       100%        7
 Storm Form               Tmut/Air       18%        N/A       100%        7


Dungeon Overview and Level Annotations

Branches:
Dungeon (14/15)            Temple (1/1) D:4            Lair (0/6) D:11
    Orc (0/2) D:11          Sewer (visited)
 Vaults: D:13-14

Altars:
Ashenzari
Cheibriados
Dithmenos
Elyvilon
Fedhas
Gozag
Hepliaklqana
Kikubaaqudgha
Makhleb
Nemelex Xobeh
Okawaru
Qazlal
Ru
Sif Muna
Trog
Uskayaw
Vehumet
Wu Jian
Xom
Yredelemnul
Zin
The Shining One
Beogh

Shops:
D:8 :!:([

Annotations:
D:13 bgiannan's ghost, journeyman GrFi


Innate Abilities, Weirdness & Mutations

You have very sharp teeth.
Your uncanny sense of smell can sniff out nearby items.
Your experience applies equally to all skills.
You are partially covered in large bone plates. (SH +4)


Message History

The freezing wraith drains your vigour!
You feel as though you will be slow longer.
You impale the centaur warrior simulacrum!!
The centaur warrior simulacrum vaporises!
Cheibriados appreciates the change of pace.
The deep elf knight casts a spell.
The deep elf knight seems to speed up.
You block the freezing wraith's attack. The freezing wraith closely misses you.
You closely miss the deep elf knight.
The deep elf knight is moderately wounded.
The deep elf knight barely misses you. You block the deep elf knight's attack.
You block the freezing wraith's attack. x2
The freezing wraith hits you but does no damage.
The freezing wraith hits you! The freezing wraith drains your vigour!
You feel as though you will be slow longer.
The deep elf knight hits you with a +0 scimitar!
The deep elf knight blocks your attack.
The deep elf knight is moderately wounded.
The deep elf knight hits you but does no damage.
The freezing wraith barely misses you. You block the freezing wraith's attack.
You block the deep elf knight's attack.
The freezing wraith hits you but does no damage. x2
The deep elf knight casts a spell.
The deep elf knight flickers and vanishes!
Deactivating autopickup; reactivate with Ctrl-A.
You hit the freezing wraith but do no damage.
You hear some strange, mumbled words.
A shard of ice appears from out of thin air!
The shard of ice misses you. The freezing wraith barely misses you.
You block the freezing wraith's attack. Something hits you.
You closely miss the freezing wraith. Something hits you.
The freezing wraith misses you. You block the freezing wraith's attack.
You hear some strange, mumbled words.
A shard of ice appears from out of thin air!
The shard of ice hits you!!
* * * LOW HITPOINT WARNING * * *
The freezing wraith hits you!
* * * LOW HITPOINT WARNING * * *
The freezing wraith freezes you!!
You die...

########..#.#.# ..
##..###....#.#.# ...
##....#.........#
#.###.....#.....#######
..... #..............#
.... #..#.)....####.# .
#..##..#......#
....##.#...##.....####.#
#.....W@....###.........
##...#{##....##..#####.#
#. #. ###...#.... ..
...#...# #.. ..##...#
... ####.#.# ...# #. ..#
#.


You could see a freezing wraith.

Vanquished Creatures
  Josephine (D:11)
  4 two-headed ogres
  3 ugly things
  A deep elf pyromancer (D:13)
  A cyclops (D:12)
  2 unseen horrors
  2 kobold demonologists
  5 trolls
  Prince Ribbit (D:7)
  6 slime creatures (D:12)
  6 wraiths
  A vampire (D:12)
  A water elemental (D:11)
  A centaur simulacrum (D:13)
  A shadow (D:12)
  2 wyverns
  16 yaks
  6 vampire mosquitoes
  Duvessa (D:7)
  2 acid dragons
  3 water moccasins
  A sky beast (D:8)
  4 orc warriors
  4 black bears
  A necrophage (D:7)
  An ogre (D:5)
  8 kobold brigands
  3 scorpions
  3 bullfrogs
  A gnoll sergeant (D:10)
  A wyvern zombie (D:5)
  Dowan (D:7)
  10 killer bees
  5 wights (D:9)
  A howler monkey (D:7)
  5 electric eels
  2 bullfrog zombies
  5 centaur zombies
  3 hounds
  2 jellies
  A gnoll shaman (D:7)
  9 orc priests
  3 iguanas
  9 orc wizards
  A killer bee zombie (D:7)
  A hound zombie (D:5)
  4 hound skeletons
  9 gnolls
  A howler monkey skeleton (D:5)
  9 adders
  A river rat (D:6)
  2 white imps
  6 worms
  25 orcs
  12 endoplasms
  12 giant cockroaches
  9 goblins
  4 hobgoblins
  4 jackals (D:1)
  17 quokkas
  14 ball pythons
  8 bats
  12 frilled lizards
  13 kobolds
  11 rats
324 creatures vanquished.

Vanquished Creatures (others)
  A fungus (D:12)
  3 plants (D:12)
4 creatures vanquished.

Grand Total: 328 creatures vanquished

Notes
Turn   | Place    | Note
-------+----------+-------------------------------------------
     0 | D:1      | Ijustatesigmund the Gnoll Wanderer began the quest for the
                  | Orb.
     0 | D:1      | Ijustatesigmund set off with the following items: a +0
                  | club, a +0 robe, a wand of paralysis (15); and the
                  | following spells available to memorise: Magic Dart,
                  | Apportation, Dazzling Flash, Portal Projectile
     0 | D:1      | Reached XP level 1. HP: 13/13 MP: 4/4
     2 | D:1      | Learned a level 1 spell: Magic Dart
   258 | D:1      | Reached XP level 2. HP: 19/19 MP: 2/5
   845 | D:1      | Reached XP level 3. HP: 20/25 MP: 0/7
  1514 | D:1      | Reached skill level 1 in Invocations
  1543 | D:1      | Found a faded altar of an unknown god.
  1598 | D:2      | Found a radiant altar of Vehumet.
  2184 | D:2      | Reached skill level 1 in Fighting
  2184 | D:2      | Reached skill level 1 in Short Blades
  2184 | D:2      | Reached skill level 1 in Long Blades
  2184 | D:2      | Reached skill level 1 in Axes
  2184 | D:2      | Reached skill level 1 in Maces & Flails
  2184 | D:2      | Reached skill level 1 in Polearms
  2184 | D:2      | Reached skill level 1 in Staves
  2184 | D:2      | Reached skill level 1 in Slings
  2184 | D:2      | Reached skill level 1 in Bows
  2184 | D:2      | Reached skill level 1 in Crossbows
  2184 | D:2      | Reached skill level 1 in Armour
  2184 | D:2      | Reached skill level 1 in Dodging
  2184 | D:2      | Reached skill level 1 in Stealth
  2184 | D:2      | Reached skill level 1 in Shields
  2184 | D:2      | Reached skill level 1 in Unarmed Combat
  2761 | D:2      | Reached XP level 4. HP: 27/32 MP: 8/8
  2971 | D:2      | Gained mutation: You are partially covered in large bone
                  | plates. (SH +4) [potion of mutation]
  2991 | D:2      | Reached skill level 1 in Hexes
  2991 | D:2      | Reached skill level 1 in Summonings
  2991 | D:2      | Reached skill level 1 in Necromancy
  2991 | D:2      | Reached skill level 1 in Translocations
  2991 | D:2      | Reached skill level 1 in Transmutations
  2991 | D:2      | Reached skill level 1 in Fire Magic
  2991 | D:2      | Reached skill level 1 in Air Magic
  2991 | D:2      | Reached skill level 1 in Poison Magic
  3985 | D:2      | Reached XP level 5. HP: 19/37 MP: 9/9
  4850 | D:4      | Noticed a black bear
  4967 | D:4      | Noticed a black bear
  5258 | D:4      | Reached XP level 6. HP: 39/44 MP: 10/10
  5362 | D:4      | Killed a black bear
  5413 | D:4      | Killed a black bear
  5414 | D:4      | Reached XP level 7. HP: 42/50 MP: 12/12
  6233 | D:4      | Found a staircase to the Ecumenical Temple.
  6251 | Temple   | Entered the Ecumenical Temple
  6504 | Temple   | Became a worshipper of Cheibriados the Contemplative
  6728 | D:5      | Entered Level 5 of the Dungeon
  7590 | D:5      | Reached XP level 8. HP: 52/57 MP: 14/14
  7713 | D:5      | Reached * piety under Cheibriados
  8494 | D:6      | Noticed a troll
  8506 | D:6      | Killed a troll
  8507 | D:6      | Reached XP level 9. HP: 26/65 MP: 14/16
  8540 | D:6      | Killed an unseen horror
  8562 | D:6      | Reached ** piety under Cheibriados
  8592 | D:6      | Reached skill level 5 in Spellcasting
  8609 | D:6      | Found a glowing drain.
  8616 | Sewer    | Entered a sewer
  8854 | Sewer    | Reached *** piety under Cheibriados
  9171 | D:6      | Reached **** piety under Cheibriados
  9172 | D:6      | Reached skill level 5 in Throwing
  9172 | D:6      | Reached skill level 5 in Evocations
 10111 | D:7      | Noticed Prince Ribbit
 10121 | D:7      | Killed Prince Ribbit
 10122 | D:7      | Reached skill level 5 in Invocations
 10480 | D:7      | Noticed Duvessa
 10480 | D:7      | Noticed Dowan
 10481 | D:7      | Killed Dowan
 10493 | D:7      | Killed Duvessa
 10494 | D:7      | Reached XP level 10. HP: 68/73 MP: 18/18
 10655 | D:7      | Found a basalt altar of Yredelemnul.
 10957 | D:7      | You fall into a shaft and drop 2 floors!
 10957 | D:9      | Noticed a green ugly thing
 11391 | D:9      | Reached skill level 5 in Fighting
 11391 | D:9      | Reached skill level 5 in Short Blades
 11391 | D:9      | Reached skill level 5 in Long Blades
 11391 | D:9      | Reached skill level 5 in Axes
 11391 | D:9      | Reached skill level 5 in Maces & Flails
 11391 | D:9      | Reached skill level 5 in Polearms
 11391 | D:9      | Reached skill level 5 in Staves
 11391 | D:9      | Reached skill level 5 in Slings
 11391 | D:9      | Reached skill level 5 in Bows
 11391 | D:9      | Reached skill level 5 in Crossbows
 11391 | D:9      | Reached skill level 5 in Armour
 11391 | D:9      | Reached skill level 5 in Dodging
 11391 | D:9      | Reached skill level 5 in Stealth
 11391 | D:9      | Reached skill level 5 in Shields
 11391 | D:9      | Reached skill level 5 in Unarmed Combat
 11433 | D:9      | Noticed a two-headed ogre
 11440 | D:9      | Killed a two-headed ogre
 11443 | D:9      | Reached ***** piety under Cheibriados
 11494 | D:9      | Killed a green ugly thing
 11495 | D:9      | Reached skill level 5 in Ice Magic
 11512 | D:9      | Noticed a two-headed ogre
 11523 | D:9      | Killed a two-headed ogre
 11855 | D:9      | Noticed a kobold demonologist
 11861 | D:9      | Noticed an orange demon
 11880 | D:9      | Killed a kobold demonologist
 11994 | D:8      | Found Geki's Antique Weapon Boutique.
 11996 | D:8      | Found Xatomnyr's Distillery.
 11997 | D:8      | Found Zouhiradyg's Book Shoppe.
 11998 | D:8      | Found Mypn's Book Emporium.
 12022 | D:8      | Bought a potion of heal wounds for 60 gold pieces
 12109 | D:8      | Reached XP level 11. HP: 81/81 MP: 20/20
 12202 | D:8      | Learned a level 2 spell: Blink
 12205 | D:8      | Learned a level 2 spell: Passwall
 12207 | D:8      | Learned a level 1 spell: Apportation
 12447 | D:8      | Found Pennuy's Armour Emporium.
 12687 | D:8      | Reached skill level 5 in Hexes
 12687 | D:8      | Reached skill level 5 in Summonings
 12687 | D:8      | Reached skill level 5 in Necromancy
 12687 | D:8      | Reached skill level 5 in Translocations
 12687 | D:8      | Reached skill level 5 in Transmutations
 12687 | D:8      | Reached skill level 5 in Fire Magic
 12687 | D:8      | Reached skill level 5 in Air Magic
 12687 | D:8      | Reached skill level 5 in Poison Magic
 13592 | D:9      | Learned a level 3 spell: Stone Arrow
 13621 | D:10     | Entered Level 10 of the Dungeon
 13834 | D:10     | Identified the +6 trident of Disintegration {vorpal, rElec
                  | rF++ MP+9 Str-4}
 13856 | D:10     | Noticed a two-headed ogre
 13857 | D:10     | Noticed a brown ugly thing
 13885 | D:9      | Killed a brown ugly thing
 14119 | D:9      | Killed a two-headed ogre
 14729 | D:11     | Found a staircase to the Lair.
 14828 | D:11     | Noticed a two-headed ogre
 14831 | D:11     | Killed a two-headed ogre
 14832 | D:11     | Reached XP level 12. HP: 89/89 MP: 23/23
 14949 | D:11     | Found a staircase to the Orcish Mines.
 15156 | D:11     | Noticed Josephine
 15385 | D:11     | Killed Josephine
 16429 | D:12     | Found a runed translucent gate.
 16429 | D:12     | Found a runed translucent gate.
 16429 | D:12     | Noticed bgiannan's ghost (journeyman GrFi)
 16430 | D:12     | Found a runed translucent gate.
 16822 | D:12     | Noticed a sun demon
 17205 | D:14     | Noticed an eight-headed hydra
 17460 | D:13     | Noticed a deep elf knight
 17474 | D:13     | Slain by a freezing wraith

Illustrated notes

Levels and vault maps discovered:
D:1:      dpeg_arrival_rhombus, layout_loops_ring,
          hellmonk_ecumenical_altar_defaced_shrine
D:2:      layout_loops_ring, basic_altar, ebering_dispersal_statue_hall
D:3:      layout_rooms
D:4:      layout_cave_pools, minmay_temple_entry_large_hall
D:5:      layout_basic, st_stairs_2
D:6:      kennysheep_big_flooded_room, layout_rooms, lightli_sewer_entry_pipes
D:7:      layout_gridville, kennysheep_little_box, uniq_duvessa,
          uniq_prince_ribbit1
D:8:      layout_loops_ring, serial_shops, nicolae_shop_stone,
          nicolae_wooded_promenade
D:9:      cheibrodos_barr_body, layout_long_grid
D:10:     layout_loops_ring, minmay_diced_spiral
D:11:     layout_basic, lair_entry_dummy, orc_0_dummy, uniq_josephine
D:12:     layout_small_grid, gammafunk_ghost_nasty_kobolds
D:13:     minmay_curly_fans, layout_basic, david_vaults_4, uniq_jorgrun,
          uniq_maurice
D:14:     minmay_nested_s, layout_loops_ring,
          nicolae_wu_jian_immortal_techniques, uniq_rupert, uniq_frances
Temple:   nicolae_temple_the_god_donut

Skill      XL: |  1  2  3  4  5  6  7  8  9 10 11 12 |
---------------+-------------------------------------+-----
Ice Magic      | 2 3 4 5 6 |  6.6
Invocations    | 1 2 3 4 5 6 7 8 |  8.1
Fighting       | 1 2 3 4 5 6 7 |  7.4
Short Blades   | 1 2 3 4 5 6 7 |  7.4
Long Blades    | 1 2 3 4 5 6 7 |  7.4
Axes           | 1 2 3 4 5 6 7 |  7.4
Maces & Flails | 1 2 3 4 5 6 7 |  7.4
Polearms       | 1 2 3 4 5 6 7 |  7.4
Staves         | 1 2 3 4 5 6 7 |  7.4
Slings         | 1 2 3 4 5 6 7 |  7.4
Bows           | 1 2 3 4 5 6 7 |  7.4
Crossbows      | 1 2 3 4 5 6 7 |  7.4
Armour         | 1 2 3 4 5 6 7 |  7.4
Dodging        | 1 2 3 4 5 6 7 |  7.4
Stealth        | 1 2 3 4 5 6 7 |  7.4
Shields        | 1 2 3 4 5 6 7 |  7.4
Unarmed Combat | 1 2 3 4 5 6 7 |  7.4
Spellcasting   | 3 4 5 6 7 8 |  8.0
Hexes          | 1 2 3 4 5 6 |  6.1
Summonings     | 1 2 3 4 5 6 |  6.1
Necromancy     | 1 2 3 4 5 6 |  6.1
Translocations | 1 2 3 4 5 6 |  6.1
Transmutations | 1 2 3 4 5 6 |  6.1
Fire Magic     | 1 2 3 4 5 6 |  6.1
Air Magic      | 1 2 3 4 5 6 |  6.1
Poison Magic   | 1 2 3 4 5 6 |  6.1
Throwing       | 3 4 5 6 7 |  7.9
Evocations     | 3 4 5 6 7 |  7.9
Conjurations   | 6 7 8 |  8.3
Earth Magic    | 6 7 8 |  8.3

Action                   |  1- 3 |  4- 6 |  7- 9 | 10-12 || total
-------------------------+-------+-------+-------+-------++-------
Melee: Dagger            |    37 |       |       |       ||    37
       Mace              |    23 |   131 |   151 |       ||   305
       Bite              |     5 |    14 |    48 |    92 ||   159
       Punch             |       |     2 |     4 |       ||     6
       Flail             |       |       |   213 |   204 ||   417
       Trident           |       |       |       |   238 ||   238
 Cast: Magic Dart        |    90 |     3 |    15 |    54 ||   162
       Stone Arrow       |       |       |       |    15 ||    15
       Blink             |       |       |       |     1 ||     1
Invok: Bend Time         |       |       |       |     6 ||     6
       Slouch            |       |       |       |     4 ||     4
       Step From Time    |       |       |       |     1 ||     1
Evoke: Wand              |       |     5 |    26 |     8 ||    39
  Use: Scroll            |     5 |     1 |     9 |     8 ||    23
       Potion            |       |     3 |     1 |     4 ||     8
 Stab: Sleeping          |     1 |       |       |     3 ||     4
       Paralysed         |       |    12 |    19 |       ||    31
Armor: Robe              |    18 |       |       |       ||    18
       Chain mail        |       |   129 |   238 |    40 ||   407
       Acid dragon scale |       |       |       |   109 ||   109
Dodge: Dodged            |    37 |    69 |   227 |   210 ||   543
Block: Other             |       |    25 |    78 |       ||   103
       Kite shield       |       |       |    17 |   376 ||   393

Table legend: (Time is in decaauts)
 A = Elapsed time spent in this place.
 B = Non-inter-level travel time spent in this place.
 C = Inter-level travel time spent in this place.
 D = Time resting spent in this place.
 E = Time spent auto-exploring this place.
 F = Levels seen in this place.
 G = Mean time per level.
                   A        B        C        D        E       F      G
               +--------+--------+--------+--------+--------+-----+--------+
         Total |  21468 |  20971 |    497 |   7081 |  10128 |  16 | 1341.8 |
       Dungeon |  20519 |  20055 |    464 |   7019 |   9603 |  14 | 1465.6 |
        Temple |    271 |    239 |     32 |      0 |    220 |   1 |  271.0 |
         Sewer |    677 |    677 |      0 |     62 |    305 |   1 |  677.0 |
               +--------+--------+--------+--------+--------+-----+--------+

Top non-repeatable levels by time:
     D:9: 2939 daAuts
     D:2: 2599 daAuts
    D:12: 1906 daAuts
     D:7: 1762 daAuts
     D:1: 1597 daAuts
     D:4: 1478 daAuts
     D:6: 1465 daAuts
     D:5: 1439 daAuts
    D:10: 1384 daAuts
    D:11: 1336 daAuts
     D:8: 1208 daAuts
     D:3: 1056 daAuts
   Sewer: 677 daAuts
    D:13: 343 daAuts
  Temple: 271 daAuts
